cohdb
Replays
Latest Replays
All Replays
Popular Replays
Top Player Replays
Match Explorer
How It Works
Community
CoH3 Stats
Reddit
Sign in to upload your games and track your stats! →
Sign in with Steam
Match 41635278
Unlisted
Match 41635278
Overview
Messages
Build Orders
End
Scout Squad
Construct Barracks
Riflemen Squad
1⁄4-ton 4x4 Truck
Selects Armored Battlegroup
Selects Veteran Crews
Riflemen Squad
Engineer Squad
Riflemen Squad
Grenade Package
Construct Weapon Support Center
Mechanized Support Center
Bazooka Squad
Construct Motor Pool
Selects M31 Recovery Vehicle
M24 Chaffee Light Tank
Construct Medical Station
Designate Forward Repair Station
M16 Multiple Gun Motor Carriage
.30 cal Machine Gun
M16 Multiple Gun Motor Carriage
Improvised Armor
M1918 Browning Automatic Rifles
Selects War Machine
Salvage Crew
Sniper
M16 Multiple Gun Motor Carriage
1⁄4-ton 4x4 Truck
M16 Multiple Gun Motor Carriage
M1 Anti-tank Gun Team
M24 Chaffee Light Tank
tank
Misterseek
Mo-J
Wheeler
0
0
Comments
sign in to comment!
No comments posted yet!